 Dungeon Crawl Stone Soup version 0.28.0-53-g5a82cb258f (webtiles) character file.

Game seed: 14119222793890850263

68 Godmorgon the Covered (level 4, -3/40 HPs)
             Began as a Minotaur Fighter on Aug 6, 2022.
             Killed from afar by a white imp (6 damage)
             ... with a puff of frost
             ... summoned by Natasha
             ... on level 2 of the Dungeon.
             The game lasted 00:04:54 (1306 turns).

Godmorgon the Covered (Minotaur Fighter)            Turns: 1306, Time: 00:04:54

Health: -3/40      AC:  0    Str: 23    XL:     4   Next: 1%
Magic:  3/3        EV: 13    Int:  5    God:
Gold:   62         SH:  0    Dex:  9    Spells: 3/3 levels left

rFire   . . .      SeeInvis .   (weapon currently unavailable)
rCold   . . .      Faith    .   (shield currently unavailable)
rNeg    . . .      Spirit   .   (armour currently unavailable)
rPois   .          Reflect  .   (helmet currently unavailable)
rElec   .          Harm     .   (cloak currently unavailable)
rCorr   .          Rampage  .   (gloves currently unavailable)
Will    .....                   (boots currently unavailable)
Stlth   +.........              (no amulet)
HPRegen 0.13/turn               (ring currently unavailable)
MPRegen 0.08/turn               (ring currently unavailable)

@: pig-form (expiring), slowed
A: fast, no casting, small, (horns 2), (retaliatory headbutt)
a: no special abilities


You were on level 2 of the Dungeon.
You were a filthy swine.
You visited 1 branch of the dungeon, and saw 2 of its levels.

You collected 62 gold pieces.

Inventory:

Hand Weapons
 a - a +0 flail (melded)
Armour
 b - a +0 scale mail (melded)
 c - a +0 buckler (melded)
 g - a +0 pair of gloves (melded)
Scrolls
 e - 3 scrolls of teleportation {unknown}
 f - 2 scrolls of identify {unknown}
Potions
 d - a potion of might
 h - a potion of mutation {unknown}
 i - a potion of berserk rage {unknown}


   Skills:
 + Level 4.2 Fighting
 * Level 3.6 Maces & Flails
 + Level 4.2 Armour
 + Level 4.2 Shields


You had 3 spell levels left.
You didn't know any spells.
Your spell library was empty.

Dungeon Overview and Level Annotations

Branches:
Dungeon (2/15)

Altars:

Annotations:
D:2 Natasha


Innate Abilities, Weirdness & Mutations

You are a filthy swine.
You move quickly.
Your equipment is almost entirely melded.
You are incapable of wielding weapons or throwing items.
You cannot cast spells.
((You have a pair of horns on your head.))
((You reflexively headbutt those who attack you in melee.))


Message History

Natasha zaps a wand.
You turn into a filthy swine.
Your +0 flail melds into your body.
Your +0 pair of gloves melds into your body.
Your +0 buckler melds into your body.
Your +0 scale mail melds into your body.
Natasha claws you!
You barely miss Natasha. Natasha barely misses you. Natasha claws you!
Natasha casts a spell.
You hit the crimson imp.
The crimson imp is moderately wounded.
Natasha barely misses you. The crimson imp closely misses you.
The crimson imp hits you. The crimson imp hits you. Natasha claws you!
* * * LOW HITPOINT WARNING * * *
Natasha casts a spell at you.
You feel as though you will be slow longer.
Natasha howls an incantation.
Natasha glows brightly for a moment.
The crimson imp blinks!
Your transformation is almost over.
Natasha growls.
Natasha claws you.
* * * LOW HITPOINT WARNING * * *
The crimson imp blinks!
Natasha mumbles some strange words.
Natasha casts a spell at you. The magic dart hits you.
* * * LOW HITPOINT WARNING * * *
The white imp gestures at you. The puff of frost misses you.
The crimson imp blinks!
The white imp shouts, "Remove thy stench, thou droning dread-bolted mendicant!"
The white imp gestures at you. The puff of frost misses you.
Natasha wildly gestures.
Natasha's front paws start to glow.
The white imp gestures at you. The puff of frost hits you.
You die...

'####.#.#.###...........#
....##'.#.###.)......####
.....####.#...########
##...##...#.### ###..'..#.#'###
####### #
###..####.....#########.....# #
##...#..........##...##.....# #
.....####.......##..5##§....#####
....## #>......h..h.............
#'#######.#.♣♣♣.♣♣♣♣♣...#########
#.#.#..##.#.♣ ♣♣♣♣♣♣♣...#
#...#..##.(.♣♣♣♣♣_.♣....#
#......#..(♣.♣♣.♣.♣.♣...#
#.#.##.#...♣♣♣♣♣.♣♣♣♣...#
....<..#....♣♣.♣♣.♣♣♣♣..#
.....####..♣♣♣.♣♣..♣♣..## .....#
#.♣...♣...♣♣...#


You could see Natasha and a white imp (summoned).

Vanquished Creatures
  Natasha (D:2)
  A worm (D:1)
  3 dart slugs (D:1)
  3 ball pythons (D:1)
  3 endoplasms
  A giant cockroach (D:1)
  A hobgoblin (D:1)
  2 jackals (D:1)
  4 kobolds
  2 quokkas (D:1)
  6 bats
  3 frilled lizards (D:1)
  2 goblins
  3 rats
35 creatures vanquished.

Notes
Turn   | Place    | Note
-------+----------+-------------------------------------------
     0 | D:1      | Godmorgon the Minotaur Fighter began the quest for the Orb.
     0 | D:1      | Reached XP level 1. HP: 19/19 MP: 0/0
   265 | D:1      | Reached XP level 2. HP: 27/27 MP: 1/1
   641 | D:1      | Reached XP level 3. HP: 33/33 MP: 2/2
   973 | D:2      | Noticed Natasha
   992 | D:2      | Killed Natasha
  1151 | D:2      | Found a faded altar of an unknown god.
  1187 | D:2      | Reached XP level 4. HP: 40/40 MP: 3/3
  1283 | D:2      | Noticed Natasha
  1306 | D:2      | Killed from afar by a white imp

Illustrated notes

Levels and vault maps discovered:
D:1:      evilmike_arrival_hilbert_curve, layout_basic,
          minmay_misc_feat_ornament, corexii_leaking_fountain, nicolae_wormholes
D:2:      layout_basic, chequers_ecumenical_altar_grove, columned_hall_lemuel,
          kennysheep_another_room, uniq_natasha

Skill      XL: |  1  2 |
---------------+-------+-----
Armour         | 4 |  4.2
Shields        | 4 |  4.2
Maces & Flails | 3 |  3.6
Fighting       | 4 |  4.2

Action                   |  1- 3 |  4- 6 || total
-------------------------+-------+-------++-------
Melee: Flail             |    78 |       ||    78
       Headbutt          |    10 |       ||    10
       Unarmed           |       |     2 ||     2
Armor: Scale mail        |    39 |       ||    39
Dodge: Dodged            |    35 |     5 ||    40
Block: Buckler           |    26 |       ||    26
